Description

PvP

Build Order

Get SALT Encoding   

  12  0:00  Probe  
  13  0:13  Probe  
  14  0:17  Pylon  
  14  0:25  Probe (Chrono Boost)  
  15  0:37  Probe (Chrono Boost)  
  15  0:39  Gateway  
  16  0:45  Probe (Chrono Boost)  
  16  0:47  Assimilator  
  17  0:51  Probe  
  17  0:55  Assimilator  
  18  1:03  Probe  
  19  1:14  Gateway  
  19  1:15  Probe  
  20  1:27  Probe, Cybernetics Core  
  21  1:34  Pylon  
  21  1:39  Probe  
  22  1:49  Pylon  
  23  2:04  Stalker, Sentry  
  23  2:05  Warp Gate (Chrono Boost)  
  29  2:23  Pylon  
  30  2:47  Stalker  
  33  2:53  Stalker  
  35  3:01  Nexus  
  35  3:10  Shield Battery  
  36  3:36  Robotics Facility  
  36  3:40  Pylon  
  37  3:56  Forge  
  38  4:14  Stalker, Sentry  
  44  4:24  Immortal (Chrono Boost)  
  44  4:28  Protoss Ground Weapons Level 1 (Chrono Boost)  
Spawning Tool Build Advisor. Get it on Overwolf

Go to:

Details

  • Created by: hayz1313
  • Published on: Apr 16, 2020
  • Modified on: Apr 16, 2020
  • Patch: 4.11.0
Show
View Real Time Build Order
Export as new Build Order

Comments (1)

On April 18, 2020, 11:31 p.m., CuyiUwU  said:

I recommend see this video to get more info about this bo.

https://www.youtube.com/watch?v=3MsowNPB4gg

Create an account to comment!